Map: [EWC] Amphion

Players

SHIN - Winner!

  • Race: Zerg Zerg
  • Spawn Location: 7:00

Cure

  • Race: Terran Terran
  • Spawn Location: 11:00

Event: Esports World Cup 2024

VOD

Have the link to the VOD?

Description

Time

  • Played on: Aug. 17, 2024, 6:03 a.m.
  • Length: 6:50

All games in this series

Show
View Real Time Build Order
Export as new Build Order

SHIN Zerg - Winner!

Build Orders: Hatch First 

Get SALT Encoding   

  12  0:00  Drone  
  13  0:08  Drone  
  14  0:14  Extractor  
  14  0:15  Drone  
  15  0:38  Hatchery  
  15  0:42  Extractor  
  13  0:43  Drone  
  13  0:49  Overlord  
  15  1:04  Spawning Pool  
  15  1:07  Drone  
  15  1:11  Drone  
  15  1:15  Drone  
  17  1:20  Drone  
  18  1:29  Extractor  
  18  1:30  Drone  
  18  1:40  Drone  
  19  1:50  Queen x2  
  19  1:51  Zergling x2  
  19  1:53  Drone  
  25  2:01  Drone  
  26  2:02  Overlord  
  26  2:12  Drone x2  
  28  2:22  Drone  
  29  2:23  Drone  
  29  2:30  Queen  
  29  2:32  Overlord  
  29  2:33  Drone  
  33  2:44  Drone x2  
  33  2:46  Metabolic Boost  
  34  2:54  Drone  
  34  2:55  Drone  
  36  2:59  Drone  
  36  3:00  Drone x2  
  39  3:07  Hatchery  
  39  3:10  Drone  
  39  3:14  Drone x2  
  39  3:19  Queen  
  43  3:22  Overlord  
  43  3:26  Overlord  
  43  3:36  Overlord  
  43  3:41  Zergling x2  
  43  3:42  Zergling x12  
  43  3:47  Lair  
  50  3:54  Queen  
  52  3:58  Drone  
  52  3:59  Overlord  
  53  4:08  Zergling x8  
  57  4:10  Drone  
  57  4:14  Zergling x8  
  62  4:20  Queen  
  62  4:24  Drone  
  65  4:26  Zergling x4  
  65  4:28  Spore Crawler  
  65  4:30  Spore Crawler  
  65  4:31  Drone  
  65  4:33  Drone  
  65  4:37  Queen  
  69  4:42  Drone  
  70  4:47  Nydus Network  
  70  4:48  Queen  
  71  4:55  Zergling x8  
  75  5:01  Queen  
  75  5:06  Zergling x8  
  81  5:14  Overlord  
  80  5:21  Overlord  
  80  5:24  Nydus Canal  
  80  5:25  Overlord  
  80  5:27  Overlord  
  80  5:29  Overlord  
  80  5:32  Zergling x2, Overlord  
  81  5:39  Queen  
  81  5:42  Zergling x12  
  89  5:44  Nydus Canal  
  89  5:45  Zergling x2  
  89  5:49  Zergling x2  
  86  5:50  Zergling x4  
  86  5:53  Zergling x2  
  84  5:57  Zergling x2  
  84  5:58  Zergling x4  
  84  6:01  Zergling x4  
  89  6:07  Zergling x2  
  89  6:08  Zergling x2  
  89  6:09  Spine Crawler  
  79  6:11  Zergling x2  
  79  6:13  Spine Crawler  
  79  6:17  Zergling x2  
  72  6:18  Spine Crawler  
  72  6:21  Zergling x2  
  65  6:26  Zergling x4  
  65  6:27  Zergling x2  
  65  6:29  Zergling x2  
Show
View Real Time Build Order
Export as new Build Order

Cure Terran 

Build Orders: Reaper Expand, Hellion Banshee 

Get SALT Encoding   

  12  0:00  SCV  
  13  0:12  SCV  
  14  0:17  Supply Depot  
  14  0:24  SCV  
  15  0:39  SCV  
  15  0:40  Barracks  
  16  0:44  Refinery  
  16  0:51  SCV  
  17  1:03  SCV  
  18  1:15  SCV  
  19  1:27  Orbital Command, Reaper  
  20  1:40  Command Center  
  20  1:49  Supply Depot  
  20  1:53  SCV  
  21  1:59  Marine  
  22  2:05  SCV  
  23  2:12  Factory  
  23  2:17  SCV  
  24  2:29  SCV  
  25  2:31  Barracks Reactor  
  25  2:37  Command Center  
  25  2:41  SCV  
  26  2:54  Orbital Command, SCV  
  27  3:01  Starport  
  27  3:06  SCV  
  27  3:11  Refinery  
  28  3:16  Hellion x2  
  28  3:19  SCV  
  33  3:20  SCV  
  33  3:22  Barracks Tech Lab  
  34  3:31  SCV  
  34  3:33  SCV  
  40  3:41  Hellion x2  
  40  3:44  SCV  
  40  3:45  SCV  
  41  3:50  Orbital Command  
  41  3:52  Marine  
  41  3:54  Banshee  
  45  3:56  SCV  
  45  3:57  SCV  
  47  4:06  Hellion x2  
  47  4:09  SCV x2  
  53  4:10  Barracks Tech Lab  
  53  4:16  Supply Depot  
  53  4:17  SCV  
  54  4:21  SCV x2  
  56  4:29  SCV  
  57  4:33  SCV, Marine  
  57  4:34  Factory Reactor, Stimpack  
  57  4:35  SCV  
  57  4:38  Barracks  
  60  4:39  Barracks  
  60  4:40  Supply Depot  
  60  4:41  SCV  
  60  4:45  SCV  
  62  4:47  SCV  
  62  4:49  Starport Reactor  
  62  4:50  Orbital Command  
  62  4:51  Marine, Refinery  
  62  4:52  Refinery  
  64  4:57  SCV  
  64  4:58  Engineering Bay x2  
  64  4:59  SCV  
  66  5:05  Supply Depot  
  66  5:09  SCV, Marine  
  66  5:11  SCV  
  69  5:16  SCV  
  70  5:21  SCV  
  70  5:23  SCV  
  70  5:25  Supply Depot  
  70  5:27  Marine  
  73  5:30  Barracks  
  73  5:31  Barracks  
  73  5:33  SCV x2  
  73  5:34  Starport Reactor  
  73  5:35  Supply Depot, SCV  
  76  5:38  Marine x3  
  76  5:40  Marine  
  80  5:44  Marine  
  80  5:45  SCV  
  75  5:56  Siege Tank, Marine x3  
  75  5:58  Marine  
  75  6:02  Marine, Medivac  
  62  6:14  Marine x3  
  62  6:16  Marine  
Tags
 
Add a new tag
Caveats
  • Supply blocks, unpowered buildings, or Contaminate may cause inaccurate times.
  • Supply counts are checked every 10 seconds.